 Dungeon Crawl Stone Soup version 0.18.1-6-gd335043 (webtiles) character file.

658 stauk the Magician (level 7, -4/36 HPs)
             Began as a Kobold Conjurer on May 19, 2016.
             Slain by Chiseanne's ghost (7 damage)
             ... on level 5 of the Dungeon.
             The game lasted 01:06:26 (8941 turns).

stauk the Magician (Kobold Conjurer)                Turns: 8941, Time: 01:06:27

Health: -4/36      AC:  5    Str:  7    XL:     7   Next: 85%
Magic:  16/16      EV: 18    Int: 15    God:
Gold:   249        SH:  0    Dex: 16    Spells: 5 memorised, 3 levels left

rFire  . . .     SeeInvis .     d - +4 quarterstaff (chaos)
rCold  . . .     Gourm    .     a - +1 robe
rNeg   . . .     Faith    .     (shield currently unavailable)
rPois  .         Spirit   .     (no helmet)
rElec  .         Dismiss  .     p - +1 cloak
rCorr  .         Reflect  .     (no gloves)
SustAt +         Harm     .     (no boots)
MR     .....                    (no amulet)
Stlth  ++........               u - ring of sustain attributes
                                e - +3 ring of evasion

@: not resistant to hostile enchantments, unstealthy
A: carnivore 3
a: no special abilities


You were on level 5 of the Dungeon.
You were not hungry.

You visited 1 branch of the dungeon, and saw 5 of its levels.

You collected 249 gold pieces.

Inventory:

Hand Weapons
 d - a +4 quarterstaff of chaos (weapon)
 g - a +0 dagger
 j - a +0 short sword
 l - a +2 mace of protection
 A - a +0 hunting sling
Missiles
 f - 56 arrows
 m - 146 stones (quivered)
 n - 4 large rocks
 z - 30 bolts
 B - 3 poisoned needles
 G - 3 tomahawks
Armour
 a - a +1 robe (worn)
 h - a +0 large shield
 p - a +1 cloak (worn)
 q - a +0 leather armour
 E - a +0 leather armour
Jewellery
 e - a +3 ring of evasion (left hand)
 u - a ring of sustain attributes (right hand)
Scrolls
 k - a scroll of recharging
 o - a scroll of remove curse
 v - a scroll of teleportation
 y - a scroll of blinking {unknown}
Potions
 r - a potion of agility {unknown}
 t - a potion of haste {unknown}
 w - a potion of mutation {unknown}
 C - a potion of berserk rage {unknown}
 D - a potion of curing {unknown}
Books
 b - a book of Conjurations

   Spells                             Type                      Level
   a - Magic Dart                     Conjuration                  1
   b - Searing Ray                    Conjuration                  2
   c - Dazzling Spray                 Conjuration/Hexes            3
   d - Fulminant Prism                Conjuration/Hexes            4
   e - Iskenderun's Mystic Blast      Conjuration                  4
   f - Iskenderun's Battlesphere      Conjuration/Charms           5
Comestibles
 c - 3 meat rations
 i - 2 bread rations
 s - 2 slices of pizza
 x - 2 chunks of flesh


   Skills:
 - Level 2.4 Dodging
 - Level 2.6 Stealth
 - Level 6.0 Spellcasting
 - Level 5.0 Conjurations
 + Level 0.2 Hexes
 + Level 2.3 Charms


You had 3 spell levels left.
You knew the following spells:

 Your Spells              Type           Power        Failure   Level  Hunger
a - Magic Dart            Conj           ###.         1%          1    None
b - Searing Ray           Conj           ###...       2%          2    #......
c - Iskenderun's Battles  Conj/Chrm      ###.....     87%         5    ######.
d - Dazzling Spray        Conj/Hex       ##......     17%         3    ##.....
e - Iskenderun's Mystic   Conj           ###.....     21%         4    ####...


Dungeon Overview and Level Annotations

Branches:
Dungeon (5/15)
 Temple: D:4-7

Altars:
Fedhas
Makhleb
Ru
Xom
The Shining One

Annotations:
D:5 Blork the orc; Chiseanne's ghost, novice SpHu


Innate Abilities, Weirdness & Mutations

You are small and have problems with some larger weapons.
You are carnivorous and can eat meat at any time.


Message History

Blork the orc gestures wildly while chanting.
Blork the orc seems to speed up.
Chiseanne's ghost closely misses you.
An orc wizard comes into view. It is wielding a dagger of draining.
Blork the orc casts a cantrip, but nothing happens.
Chiseanne's ghost whispers, "They're coming for you..."
Chiseanne's ghost hits you!
* * * LOW HITPOINT WARNING * * *
Chiseanne's ghost keens inconsolably.
Chiseanne's ghost says, "Missed me!"
Chiseanne's ghost closely misses you. Blork the orc casts a spell at you.
The magic dart hits you!
* * * LOW HITPOINT WARNING * * *
Blork the orc screams, "I'm going to kill you!"
Blork the orc gestures wildly while chanting.
Blork the orc flickers and vanishes!
Deactivating autopickup; reactivate with Ctrl-A.
Chiseanne's ghost hits you!
You die...

###.#...#.....
#.........#
#.#.....#.#
#.#..#..#.#.#
#.#...<.....#
#.##.##.#.###
#.##.##.#.#
#...<.....#
####@######
#W## #..#
##a######..
#.{.......
#r.#######
#..#
######Z.######
#............#


You could see a worker ant, Chiseanne's ghost, a jackal zombie (wandering) and a
quokka.

Vanquished Creatures
  A porcupine (D:3)
  A phantom (D:4)
  A crimson imp (D:3)
  A hound (D:4)
  An orc priest (D:4)
  Crazy Yiuf (D:4)
  2 orc wizards (D:4)
  3 worker ants (D:4)
  A hound skeleton (D:4)
  8 adders
  An ooze (D:4)
  An adder skeleton (D:4)
  5 worms
  3 dart slugs
  A giant gecko (D:3)
  5 orcs
  11 bats
  A giant cockroach (D:1)
  11 hobgoblins
  16 jackals
  4 quokkas
  2 ball pythons (D:2)
  A ball python skeleton (D:4)
  A giant gecko skeleton (D:4)
  5 giant newts
  3 goblins
  A jackal skeleton (D:4)
  15 kobolds
  11 rats
118 creatures vanquished.

Notes
Turn   | Place    | Note
--------------------------------------------------------------
     0 | D:1      | stauk the Kobold Conjurer began the quest for the Orb.
     0 | D:1      | Reached XP level 1. HP: 10/10 MP: 3/3
   305 | D:1      | Reached XP level 2. HP: 15/15 MP: 0/5
   521 | D:1      | Learned a level 2 spell: Searing Ray
   818 | D:1      | Reached skill level 3 in Spellcasting
   843 | D:1      | Reached XP level 3. HP: 19/19 MP: 1/7
  1385 | D:1      | You fall through a shaft!
  1580 | D:2      | Reached XP level 4. HP: 22/24 MP: 1/8
  2747 | D:2      | Found a burning altar of Makhleb.
  2747 | D:2      | Found a shimmering altar of Xom.
  3643 | D:3      | Reached skill level 4 in Spellcasting
  3643 | D:3      | Reached XP level 5. HP: 15/28 MP: 6/11
  4524 | D:3      | Found a glowing golden altar of the Shining One.
  4524 | D:3      | Found a sacrificial altar of Ru.
  4656 | D:3      | Learned a level 5 spell: Iskenderun's Battlesphere
  5562 | D:4      | Noticed a phantom
  5769 | D:4      | Reached XP level 6. HP: 32/32 MP: 10/13
  5868 | D:3      | Reached skill level 5 in Spellcasting
  6014 | D:3      | Learned a level 3 spell: Dazzling Spray
  6290 | D:4      | Noticed Eustachio
  6830 | D:4      | Reached skill level 1 in Charms
  7035 | D:4      | Killed a phantom
  7035 | D:4      | Reached XP level 7. HP: 34/36 MP: 2/15
  7231 | D:4      | Reached skill level 6 in Spellcasting
  7786 | D:4      | Noticed Crazy Yiuf
  7887 | D:4      | Killed Crazy Yiuf
  8300 | D:3      | Learned a level 4 spell: Iskenderun's Mystic Blast
  8373 | D:4      | Noticed Eustachio
  8373 | D:4      | Eustachio changed into Eustachio the porcupine
  8379 | D:3      | Killed Eustachio the porcupine
  8379 | D:3      | Reached skill level 5 in Conjurations
  8742 | D:5      | Entered Level 5 of the Dungeon
  8768 | D:5      | Found a blossoming altar of Fedhas.
  8789 | D:5      | Noticed Blork the orc
  8928 | D:5      | Noticed Chiseanne's ghost (novice SpHu)
  8941 | D:5      | Slain by Chiseanne's ghost

Skill      XL: |  1  2  3  4  5  6  7 |
---------------+----------------------+-----
Spellcasting   | 3 4 5 6 |  6.0
Conjurations   | 4 5 |  5.0
Charms         | 1 2 |  2.3
Dodging        | |  2.4
Stealth        | |  2.6
Hexes          | |  0.2

Action                   |  1- 3 |  4- 6 |  7- 9 || total
-------------------------+-------+-------+-------++-------
Melee: Unarmed           |     1 |       |       ||     1
       Short sword       |    25 |     2 |       ||    27
       Quarterstaff      |       |       |    12 ||    12
       Dagger            |       |       |     6 ||     6
 Fire: Hunting sling     |       |       |     3 ||     3
 Cast: Magic Dart        |    45 |    66 |    18 ||   129
       Searing Ray       |     9 |    63 |    16 ||    88
       Dazzling Spray    |       |       |     9 ||     9
  Use: Scroll            |       |     2 |     7 ||     9
       Potion            |       |     1 |     1 ||     2
  Eat: Chunk             |    11 |    18 |     3 ||    32
Armor: Robe              |    11 |     2 |    13 ||    26
Dodge: Dodged            |    80 |    99 |    79 ||   258
